 Dungeon Crawl Stone Soup version 0.29.1-15-g9cfb28693d (webtiles) character file.

Game seed: 14502623573734703863

430 386 the Shooter (level 6, -11/84 HPs)
             Began as a Minotaur Hunter on Mar 25, 2023.
             Was an Initiate of Hepliaklqana.
             Mangled by a gnoll
             ... wielding a +0 whip of electrocution
             ... led by a gnoll bouda
              (14 damage)
             ... on level 4 of the Dungeon.
             The game lasted 00:16:39 (4791 turns).

386 the Shooter (Minotaur Hunter)                   Turns: 4791, Time: 00:16:40

Health: -11/84     AC:  5    Str: 15    XL:     6   Next: 66%
Magic:  5/5        EV: 14    Int:  6    God:    Hepliaklqana [......]
Gold:   314        SH:  0    Dex: 22    Spells: 5/5 levels left

rFire   + . .      SeeInvis .   k - +0 whip (elec)
rCold   . . .      Faith    .   (no shield)
rNeg    . . .      Spirit   .   A - +2 leather armour {rF+}
rPois   .          Reflect  .   (helmet restricted)
rElec   .          Harm     .   (no cloak)
rCorr   .          Rampage  .   (no gloves)
Will    .....                   (no boots)
Stlth   ..........              (no amulet)
HPRegen 0.24/turn               z - +6 ring of dexterity
MPRegen 0.09/turn               (no ring)

@: berserking, weakened, very quick
A: horns 2, retaliatory headbutt
a: Renounce Religion


You were on level 4 of the Dungeon.
You worshipped Hepliaklqana.
Hepliaklqana was noncommittal.
You visited 2 branches of the dungeon, and saw 6 of its levels.

You collected 314 gold pieces.

Inventory:

Hand Weapons
 a - a +0 shortbow
 h - a +1 hand axe of freezing
 k - a +0 whip of electrocution (weapon)
Missiles
 d - 15 poisoned darts
Armour
 c - a +0 leather armour
 A - a +2 leather armour of fire resistance (worn)
Jewellery
 o - a ring of flight
 z - a +6 ring of dexterity (left hand)
Wands
 x - a wand of flame (5)
Scrolls
 b - 2 scrolls of immolation
 f - 2 scrolls of enchant weapon {unknown}
 g - 2 scrolls of identify {unknown}
 p - 2 scrolls of teleportation {unknown}
 q - 2 scrolls of fear {unknown}
 s - a scroll of torment {unknown}
 t - a scroll of blinking {unknown}
 v - 2 scrolls of amnesia {unknown}
 w - a scroll of fog {unknown}
 y - a scroll of poison {unknown}
Potions
 e - 2 potions of heal wounds {unknown}
 i - 4 potions of degeneration {unknown}
 j - 2 potions of attraction {unknown}
 l - 3 potions of haste {unknown}
 m - a potion of curing {unknown}
 n - 2 potions of lignification {unknown}
 r - 3 potions of cancellation {unknown}


   Skills:
 + Level 5.1 Fighting
 + Level 6.0 Ranged Weapons
 + Level 0.9 Armour
 + Level 4.5 Dodging
 - Level 2.0 Stealth


You had 5 spell levels left.
You didn't know any spells.
Your spell library contained the following spells:

 Spells                   Type           Power      Damage    Failure   Level
 Sting                    Tmut/Pois      0%         1d3       52%         1
 Poisonous Vapours        Pois/Air       0%         N/A       67%         2
 Olgreb's Toxic Radiance  Pois           0%         N/A       99%         4


Dungeon Overview and Level Annotations

Branches:
Dungeon (5/15)             Temple (1/1) D:4

Altars:
Ashenzari
Cheibriados
Elyvilon
Fedhas
Gozag
Hepliaklqana
Makhleb
Okawaru
Qazlal
Sif Muna
Trog
Vehumet
Wu Jian
Yredelemnul
Zin


Innate Abilities, Weirdness & Mutations

You have a pair of horns on your head.
You reflexively headbutt those who attack you in melee.


Message History

You are too injured to fight recklessly!
Fire: a) +0 shortbow
Press: ? - help, Q - select action, (/) - cycle Shift-Dir - straight line, f - gnoll
Aim: a gnoll, wielding a +0 whip of electrocution (covering ground quickly, 71% to hit)
You shoot an arrow. The arrow hits the gnoll.
The gnoll is moderately wounded.
The gnoll completely misses you. You furiously retaliate!
You headbutt the gnoll. The gnoll barely misses you.
Fire: a) +0 shortbow
Press: ? - help, Q - select action, (/) - cycle Shift-Dir - straight line, f/p - gnoll
Aim: a gnoll, wielding a +0 whip of electrocution (moderately wounded, covering ground quickly, 71% to hit)
You shoot an arrow. The arrow hits the gnoll.
The gnoll is heavily wounded.
The gnoll barely misses you.
The gnoll hits you with a +0 whip of electrocution.
* * * LOW HITPOINT WARNING * * *
Fire: a) +0 shortbow
Press: ? - help, Q - select action, (/) - cycle Shift-Dir - straight line, f/p - gnoll
Aim: a gnoll, wielding a +0 whip of electrocution (heavily wounded, covering ground quickly, 71% to hit)
You shoot an arrow. The arrow closely misses the gnoll.
The gnoll hits you with a +0 whip.
* * * LOW HITPOINT WARNING * * *
The gnoll completely misses you. You furiously retaliate!
You headbutt the gnoll.
It was a potion of berserk rage.
A red film seems to cover your vision as you go berserk!
You feel yourself moving faster!
You feel mighty! The gnoll completely misses you. The gnoll closely misses you.
You are too berserk!
You are too berserk!
You are too berserk!
You hear the crackle of electricity.
k - a +0 whip of electrocution (weapon)
You feel a strong urge to attack something.
The gnoll misses you. You furiously retaliate!
You headbutt the gnoll!
You kill the gnoll!
The gnoll hits you with a +0 whip of electrocution.
* * * LOW HITPOINT WARNING * * *
You are electrocuted!
You die...

#.# #.##.# ##.### #.#
#.#..#########...# ##'###
#.#............... #....#
#.#...#.#....#.##.
#....####.#.#.#.#.##.#....
#####.......#...#...........#.
#.......###.#......##.#.#.#.#.
#......## #.g)...#....#.#.#...
#......# ###@...#............
#......# ###....#.#.>.#.##.
#......# #.##.#.#...#....
#......# ###........#....#.
#......#### #.....#.##.#.##.#.
#.........# #.#...#...........
#########.###.#.#....##.#.#.#.
#.##..#.#.##....#.#.#.
#....##...............


You could see a gnoll (swift).

Vanquished Creatures
  Sigmund (D:3)
  An orc priest (D:4)
  A hound (D:4)
  3 orc wizards
  A gnoll (D:4)
  4 adders
  3 dart slugs
  13 orcs
  12 endoplasms
  2 giant cockroaches
  4 goblins
  4 hobgoblins
  2 jackals (D:3)
  5 quokkas
  10 ball pythons
  3 bats (D:1)
  3 frilled lizards
  3 kobolds (D:1)
  13 rats
88 creatures vanquished.

Notes
Turn   | Place    | Note
-------+----------+-------------------------------------------
     0 | D:1      | 386 the Minotaur Hunter began the quest for the Orb.
     0 | D:1      | Reached XP level 1. HP: 18/18 MP: 0/0
   130 | D:1      | Reached skill level 1 in Stealth
   329 | D:1      | Reached XP level 2. HP: 25/25 MP: 1/1
   992 | D:1      | Reached XP level 3. HP: 23/31 MP: 2/2
  1137 | D:1      | Found a faded altar of an unknown god.
  1531 | D:2      | Identified the +9 dagger of Fixation {venom, rPois rC++
                  | Int-3}
  1638 | D:2      | Reached XP level 4. HP: 24/38 MP: 3/3
  2334 | D:3      | Reached skill level 5 in Ranged Weapons
  2422 | D:3      | HP: 2/40 [orc/+2 dagger of flaming (1)]
  2745 | D:3      | Found a burning altar of Makhleb.
  2745 | D:3      | Noticed Sigmund
  2767 | D:3      | Killed Sigmund
  2768 | D:3      | Reached XP level 5. HP: 12/47 MP: 4/4
  2768 | D:3      | Reached XP level 6. HP: 14/53 MP: 5/5
  3826 | D:4      | Found a staircase to the Ecumenical Temple.
  3832 | Temple   | Entered the Ecumenical Temple
  3893 | Temple   | Became a worshipper of Hepliaklqana the Forgotten
  4341 | D:4      | Found an opulent altar of Gozag.
  4341 | D:4      | Found a glowing silver altar of Zin.
  4470 | D:5      | Entered Level 5 of the Dungeon
  4487 | D:4      | Reached skill level 5 in Fighting
  4487 | D:4      | Reached skill level 6 in Ranged Weapons
  4789 | D:4      | HP: 2/56 [gnoll/+0 whip[a gnoll bouda] (3)]
  4791 | D:4      | Mangled by a gnoll

Illustrated notes

Levels and vault maps discovered:
D:1:      dpeg_arrival_water_temple_mockup, layout_loops_corners,
          ebering_ecumenical_altar_rust, minmay_quantized
D:2:      layout_basic, chequers_serial_rivers_room_b
D:3:      layout_basic, mainiacjoe_overflow_six_doors_small, uniq_sigmund
D:4:      layout_basic, grunt_temple_overflow_gold_and_silver,
          minmay_temple_entry_ruins, minmay_a_box_with_orc_wizards_in_it
D:5:      layout_rooms, tgw_kikubaaqudgha, corexii_hall_statues_x
Temple:   nicolae_temple_x_marks_the_god

Skill      XL: |  1  2  3  4  5  6 |
---------------+-------------------+-----
Stealth        | 1 2 |  2.0
Fighting       | 3 4 5 |  5.1
Dodging        | 3 4 |  4.5
Ranged Weapons | 5 6 |  6.0
Armour         | |  0.9

Action                   |  1- 3 |  4- 6 || total
-------------------------+-------+-------++-------
Melee: Whip              |       |    11 ||    11
 Fire: Shortbow          |   127 |   145 ||   272
  Use: Potion            |       |     1 ||     1
Armor: Leather armour    |    26 |    15 ||    41
Dodge: Dodged            |    39 |    45 ||    84
